cohdb
Replays
Latest Replays
All Replays
Popular Replays
Top Player Replays
Match Explorer
How It Works
Community
CoH3 Stats
Reddit
Sign in to upload your games and track your stats! →
Sign in with Steam
Match 35506619
Unlisted
Match 35506619
Overview
Messages
Build Orders
End
Vickers Machine Gun Team
Construct Section Command Post
Infantry Section
Infantry Section
Grenade Package
ML 3-inch Mortar Team
Construct Field Infirmary
Selects Air and Sea Battlegroup
Infantry Section
Construct Platoon Command Post
Selects Commando Section Paradrop
Selects M1 Pack Howitzer Paradrop
Selects Supply Surplus
Construct Company Command Post
Commando Section Paradrop
Sniper
ShodaN
*Mule
aSIIWarbringer
0
0
Comments
sign in to comment!
No comments posted yet!